 Dungeon Crawl Stone Soup version 0.31-a0-355-g57cb03d3e8 (webtiles) character file.

Game seed: 4882432551371017686

2351 Newt the Mimic (level 9, -1/105 HPs)
             Began as a Merfolk Shapeshifter on July 24, 2023.
             Was a Follower of the Shining One.
             Slain by an orc warrior
             ... wielding a +0 battleaxe
              (12 damage)
             ... in a bailey.
             The game lasted 00:06:32 (6305 turns).

Newt the Mimic (Merfolk Shapeshifter)               Turns: 6305, Time: 00:06:33

Health: -1/105     AC: 24    Str: 19    XL:     9   Next: 43%
Magic:  9/9        EV:  2    Int:  7    God:    the Shining One [*.....]
Gold:   959        SH:  0    Dex: 21    Spells: 8/8 levels left

rFire   . . .        r - +3 hand axe (flame)
rCold   . . .        (no shield)
rNeg    . . .        d - melded +2 ring mail {rC+}
rPois   +            (helmet currently unavailable)
rElec   .            (cloak currently unavailable)
rCorr   .            (gloves currently unavailable)
SInv    +            (boots currently unavailable)
Will    .....        (no amulet)
Stlth   +            l - ring of see invisible
HPRegen 0.37/turn    t - +6 ring of dexterity
MPRegen 0.11/turn

%: no passive effects
@: tree-form, glowing
A: stationary, stasis, torment immunity, boosted hp, (nimble swimmer 2),
(mertail)
a: Renounce Religion, Divine Shield


You were in a bailey.
You worshipped the Shining One.
The Shining One was aware of your devotion.
You were a tree.
You visited 1 branch of the dungeon, and saw 7 of its levels.
You also visited: Bailey.

You collected 1321 gold pieces.
You spent 362 gold pieces at shops.

Inventory:

Hand Weapons
 r - a +3 hand axe of flaming (weapon)
Missiles
 n - 24 poisoned darts
 z - 12 boomerangs
Armour
 a - a +0 animal skin
 d - a +2 ring mail of cold resistance (melded)
 g - an orb of energy
Jewellery
 l - a ring of see invisible (left branch)
 o - a ring of ice
 t - a +6 ring of dexterity (right branch)
 w - a ring of magical power
Talismans
 c - a beast talisman
Wands
 p - a wand of flame (14)
 q - a wand of polymorph (20)
 y - a wand of iceblast (9)
Scrolls
 e - a scroll of enchant armour
 j - 2 scrolls of amnesia
 u - a scroll of poison
 v - a scroll of teleportation
 x - 2 scrolls of enchant weapon
Potions
 b - a potion of lignification
 f - a potion of haste
 h - 2 potions of brilliance
 i - a potion of cancellation
 k - 7 potions of curing
 m - 2 potions of might
 s - 2 potions of heal wounds


   Skills:
 + Level 6.3 Fighting
 - Level 3.0 Axes
 - Level 6.0 Dodging
 - Level 3.2 Unarmed Combat
 - Level 4.0 Evocations
 - Level 10.0 Shapeshifting


You had 8 spell levels left.
You didn't know any spells.
Your spell library contained the following spells:

 Spells                   Type           Power      Damage    Failure   Level
 Foxfire                  Conj/Fire      0%         2x1d4     43%         1
 Sandblast                Erth           0%         2d4       43%         1
 Cigotuvi's Dreadful Rot  Necr/Pois/Air  0%         N/A       56%         2
 Ensorcelled Hibernation  Hex/Ice        0%         N/A       56%         2
 Passwall                 Tmut/Erth      0%         N/A       56%         2
 Inner Flame              Hex/Fire       0%         N/A       80%         3
 Stone Arrow              Conj/Erth      0%         3d7       80%         3
 Swiftness                Air            0%         N/A       80%         3
 Tukima's Dance           Hex            0%         N/A       80%         3
 Passage of Golubria      Tloc           0%         N/A       99%         4
 Yara's Violent Unravell  Hex/Tmut       0%         3d3       100%        5
 Plasma Beam              Fire/Air       0%         2x1d10    100%        6
 Starburst                Conj/Fire      0%         6d3       100%        6
 Ignition                 Fire           0%         3d3       100%        8


Dungeon Overview and Level Annotations

Branches:
Dungeon (7/15)             Temple (0/1) D:7          Bailey (1/1)

Altars:
Ashenzari
Elyvilon
Gozag
Hepliaklqana
Makhleb
Okawaru
Qazlal
Trog
Uskayaw
Yredelemnul
The Shining One

Shops:
D:4 !   D:7 ?


Innate Abilities, Weirdness & Mutations

You are a tree.
Your roots penetrate the ground, keeping you stationary.
You cannot be teleported.
You are immune to unholy pain and torment.
Your maximum health is greatly increased.
Your equipment is partially melded.
((You are very nimble when in or above water. (Stealth+, EV+, Speed+++)))
((Your lower body shifts to a powerful aquatic tail in water.))


Message History

You hit the orc warrior but do no damage.
The orc warrior hits you but does no damage.
The orc warrior hits you with a +0 war axe!
* * * LOW HITPOINT WARNING * * *
Unknown command.
You hit the orc warrior but do no damage.
The orc warrior is severely wounded.
You hit the orc warrior. You burn the orc warrior.
The orc warrior hits you but does no damage. x2
Unknown command.
You hit the orc warrior but do no damage.
The orc warrior is severely wounded.
You hit the orc warrior but do no damage.
The orc warrior hits you with a +0 battleaxe.
* * * LOW HITPOINT WARNING * * *
The orc warrior hits you but does no damage. x2
The orc warrior hits you with a +0 war axe.
* * * LOW HITPOINT WARNING * * *
Unknown command.
You hit the orc warrior but do no damage.
The orc warrior is severely wounded.
You hit the orc warrior but do no damage.
The orc warrior hits you but does no damage.
The orc warrior hits you with a +0 war axe.
* * * LOW HITPOINT WARNING * * *
Unknown command.
Cleave: r) +3 hand axe (flame)
Press: ? - help, Dir - move target, f - orc warrior
Aim: an orc warrior, wielding a +0 battleaxe, wearing a +0 ring mail and quivering datura-tipped darts (moderately wounded, haloed, about 22% to evade your +3 hand axe of flaming)
Okay, then.
Okay, then.
You slash the orc warrior! You burn the orc warrior.
You kill the orc warrior!
You hit the orc warrior. You burn the orc warrior.
The orc warrior hits you with a +0 battleaxe!
* * * LOW HITPOINT WARNING * * *
Unknown command.
You feel better.
The orc warrior hits you with a +0 battleaxe!
You die...

###.}....}[.###
#.............#
...............
...............
..o........ .......
#...# ###o###
##.♣)..## #...8...#
#∩)....∩# ##.....##
####'''####
##~.......~##
###~~.......~~#####
..~~.......~~....#
.###~~.......~~###.#


You could see an orc warrior.

Vanquished Creatures
  A water moccasin (D:7)
  2 black bears
  2 orc warriors (Bailey)
  2 sky beasts
  2 ogres
  3 phantoms
  6 kobold brigands
  4 scorpions
  A howler monkey (D:5)
  2 hounds
  An orc priest (D:6)
  7 iguanas
  Jessica (D:2)
  4 orc wizards
  Robin (D:3)
  6 adders
  An ufetubus (D:6)
  2 worms
  2 dart slugs
  24 orcs
  5 bats
  8 endoplasms
  4 giant cockroaches
  6 hobgoblins
  6 quokkas
  4 ball pythons
  3 frilled lizards
  20 goblins
  16 kobolds
  3 rats
149 creatures vanquished.

Notes
Turn   | Place    | Note
-------+----------+-------------------------------------------
     0 | D:1      | Newt the Merfolk Shapeshifter began the quest for the Orb.
     0 | D:1      | Reached XP level 1. HP: 15/15 MP: 1/1
   173 | D:1      | Reached XP level 2. HP: 12/22 MP: 2/2
  1075 | D:2      | Found a hide-covered altar of Uskayaw.
  1096 | D:2      | Reached XP level 3. HP: 29/29 MP: 3/3
  1152 | D:2      | Noticed Jessica
  1161 | D:2      | Killed Jessica
  1180 | D:2      | Reached XP level 4. HP: 37/37 MP: 4/4
  1793 | D:3      | Found a glowing golden altar of the Shining One.
  1795 | D:3      | Found an iron altar of Okawaru.
  1796 | D:3      | Found a hide-covered altar of Uskayaw.
  1801 | D:3      | Found a bloodstained altar of Trog.
  1802 | D:3      | Found a broken altar of Ashenzari.
  1805 | D:3      | Became a worshipper of the Shining One
  1810 | D:3      | Found a stormy altar of Qazlal.
  1811 | D:3      | Found a white marble altar of Elyvilon.
  1813 | D:3      | Found a burning altar of Makhleb.
  1817 | D:3      | Found a basalt altar of Yredelemnul.
  1818 | D:3      | Found a hazy altar of Hepliaklqana.
  1829 | D:3      | Noticed Robin
  1860 | D:3      | Killed Robin
  2299 | D:3      | Reached XP level 5. HP: 38/42 MP: 5/5
  2602 | D:4      | Reached skill level 1 in Axes
  2807 | D:4      | Noticed a kobold brigand
  2823 | D:4      | Killed a kobold brigand
  2824 | D:4      | Reached XP level 6. HP: 23/48 MP: 6/6
  3100 | D:4      | Got the Atlas of the Viperous Torch
  3380 | D:4      | Noticed a black bear
  3389 | D:4      | Killed a black bear
  3390 | D:4      | Reached skill level 5 in Shapeshifting
  3576 | D:4      | Found Miestiss's Distillery.
  3585 | D:4      | Bought a potion of curing for 42 gold pieces
  3585 | D:4      | Bought 2 potions of heal wounds for 140 gold pieces
  3898 | D:5      | Entered Level 5 of the Dungeon
  3921 | D:5      | Reached XP level 7. HP: 54/54 MP: 7/7
  3936 | D:5      | Reached skill level 6 in Shapeshifting
  4079 | D:5      | Reached skill level 7 in Shapeshifting
  4086 | D:5      | Reached skill level 5 in Fighting
  4118 | D:5      | Reached XP level 8. HP: 54/64 MP: 8/8
  4536 | D:6      | Reached * piety under the Shining One
  4657 | D:6      | Reached skill level 8 in Shapeshifting
  5025 | D:6      | Reached skill level 9 in Shapeshifting
  5415 | D:7      | Found an opulent altar of Gozag.
  5420 | D:7      | Found a staircase to the Ecumenical Temple.
  5442 | D:7      | Reached skill level 10 in Shapeshifting
  5454 | D:7      | Reached skill level 5 in Dodging
  5454 | D:7      | Reached XP level 9. HP: 35/69 MP: 9/9
  5571 | D:7      | Found Song's Magic Scroll Shop.
  5579 | D:7      | Bought a scroll of enchant weapon for 90 gold pieces
  5579 | D:7      | Bought a scroll of enchant weapon for 90 gold pieces
  5713 | D:7      | Reached skill level 1 in Evocations
  5735 | D:7      | Found a flagged portal.
  5751 | Bailey   | Entered a bailey
  6304 | Bailey   | HP: 5/103 [orc warrior/+0 battleaxe (10)]
  6305 | Bailey   | Slain by an orc warrior

Illustrated notes

Levels and vault maps discovered:
D:1:      lightli_molten_gateway, layout_basic, minmay_ruptured
D:2:      layout_loops_ring, basic_altar, uniq_jessica
D:3:      layout_loops_cross, nicolae_overflow_hallway_of_the_gods, uniq_robin
D:4:      layout_loops_corners, serial_shops, nicolae_square_shop, minivault_1
D:5:      layout_cave_pools
D:6:      layout_basic
D:7:      layout_loops_ring, grunt_gozag_statues, kennysheep_little_box,
          minmay_temple_entry_mini_moons, enter_bailey_4, serial_shops, shop,
          grunt_ministairs_14
Bailey:   bailey_axe_3, bailey

Skill      XL: |  1  2  3  4  5  6  7  8  9 |
---------------+----------------------------+-----
Fighting       | 2 3 4 6 |  6.3
Dodging        | 3 4 5 6 |  6.0
Axes           | 3 |  3.0
Shapeshifting  | 5 7 10 | 10.0
Evocations     | 4 |  4.0
Unarmed Combat | |  3.2

Action                     |  1- 3 |  4- 6 |  7- 9 || total
---------------------------+-------+-------+-------++-------
  Melee: Unarmed           |    92 |    74 |       ||   166
         Punch             |     2 |     2 |     1 ||     5
         Hand axe          |       |    53 |   141 ||   194
  Throw: Dart              |       |     2 |       ||     2
    Use: Scroll            |     4 |     4 |     3 ||    11
         Potion            |       |     1 |     3 ||     4
   Stab: Sleeping          |     1 |       |       ||     1
 Armour: Animal skin       |     6 |       |       ||     6
         Ring mail         |    32 |    44 |    47 ||   123
         Skin              |       |       |     8 ||     8
  Dodge: Dodged            |    59 |    79 |    98 ||   236

Table legend: (Time is in decaauts)
 A = Elapsed time spent in this place.
 B = Non-inter-level travel time spent in this place.
 C = Inter-level travel time spent in this place.
 D = Time resting spent in this place.
 E = Time spent auto-exploring this place.
 F = Levels seen in this place.
 G = Mean time per level.
                   A        B        C        D        E       F      G
               +--------+--------+--------+--------+--------+-----+--------+
         Total |   6326 |   6115 |    211 |   1412 |   3771 |   8 |  790.8 |
       Dungeon |   5763 |   5552 |    211 |    996 |   3698 |   7 |  823.3 |
        Bailey |    563 |    563 |      0 |    416 |     73 |   1 |  563.0 |
               +--------+--------+--------+--------+--------+-----+--------+

Top non-repeatable levels by time:
     D:4: 1316 daAuts
     D:1: 1015 daAuts
     D:6: 1014 daAuts
     D:3: 860 daAuts
     D:2: 702 daAuts
  Bailey: 563 daAuts
     D:5: 512 daAuts
     D:7: 340 daAuts
